Map: Lightshade LE

Players

bluJay - Winner!

  • Race: Terran Terran
  • Spawn Location: 5:00

VOD

Have the link to the VOD?

Description

Time

  • Played on: July 25, 2021, 2:28 a.m.
  • Length: 19:36
Show
View Real Time Build Order
Export as new Build Order

bluJay Terran - Winner!

Build Orders:  

Get SALT Encoding   

  12  0:00  SCV  
  13  0:17  SCV  
  14  0:24  Supply Depot  
  14  0:34  SCV  
  15  0:54  SCV  
  15  0:57  Barracks  
  16  1:04  Refinery  
  16  1:11  SCV  
  17  1:28  SCV  
  18  1:45  SCV  
  19  2:02  Orbital Command  
  19  2:06  Barracks Reactor  
  19  2:21  Command Center  
  19  2:38  SCV, Supply Depot  
  20  2:51  Barracks  
  20  2:59  Marine x2  
  22  3:06  SCV  
  23  3:24  SCV, Marine x2  
  26  3:31  Bunker  
  26  3:41  SCV  
  26  3:49  Marine x2  
  29  4:00  SCV  
  29  4:02  Barracks Tech Lab, Stimpack  
  29  4:04  Orbital Command  
  30  4:13  Supply Depot  
  30  4:14  Marine x2  
  30  4:17  SCV  
  33  4:27  Barracks  
  33  4:37  SCV  
  34  4:42  Marine  
  34  4:46  SCV  
  36  4:50  Marine  
  36  4:54  SCV  
  38  5:01  Refinery  
  38  5:05  Marine  
  38  5:06  SCV  
  40  5:11  Marine  
  40  5:15  SCV, Marine  
  43  5:27  SCV  
  43  5:29  Supply Depot  
  44  5:36  Marine  
  44  5:37  Marauder  
  47  5:41  Barracks Reactor  
  47  5:48  Factory  
  47  5:49  SCV x2  
  49  5:50  Marine  
  49  5:54  Engineering Bay  
  50  6:04  Supply Depot  
  38  6:10  SCV x2  
  50  6:11  Marine  
  50  6:12  Marauder  
  55  6:20  Marine  
  55  6:29  SCV x2  
  58  6:36  Marine x2  
  58  6:39  Marine  
  61  6:50  Factory Reactor  
  61  6:51  SCV x2, Starport  
  61  6:53  Marauder, Marine  
  66  7:01  Supply Depot  
  66  7:04  Marine x2  
  66  7:06  Marine  
  69  7:13  SCV  
  70  7:23  SCV, Marine  
  70  7:28  Marine  
  70  7:29  Terran Infantry Weapons Level 1  
  73  7:31  SCV  
  73  7:33  Marine x2  
  73  7:34  Marine  
  77  7:43  SCV  
  78  7:51  Refinery, Factory Reactor  
  78  7:52  Refinery, SCV  
  78  7:54  Marine  
  78  7:55  Marauder  
  78  7:56  Medivac  
  78  7:57  Medivac  
  86  8:11  Marine x3  
  86  8:13  SCV x2  
  91  8:22  Supply Depot, Marine  
  92  8:31  SCV  
  92  8:32  SCV  
  92  8:34  Marauder  
  96  8:44  Supply Depot  
  96  8:45  Marine x2  
  96  8:49  Medivac x2  
  102  9:03  Factory Tech Lab, Barracks  
  102  9:04  SCV x2  
  102  9:07  Barracks, Marine  
  105  9:17  Marine x3  
  105  9:18  Marauder  
  110  9:25  SCV x2  
  112  9:31  Medivac  
  112  9:32  Medivac  
  116  9:44  SCV x2  
  116  9:47  Marine  
  116  9:48  Marine x3  
  116  9:49  Marauder  
  124  9:56  Siege Tank  
  127  10:05  Supply Depot  
  127  10:09  SCV x2  
  129  10:17  Barracks Tech Lab  
  129  10:19  Marine x2  
  131  10:20  Marine  
  131  10:21  Marine x3  
  131  10:24  Marauder  
  137  10:33  Medivac x2  
  137  10:36  SCV x2  
  143  10:43  Supply Depot  
  143  10:47  Marine x3  
  143  10:48  Marine  
  147  10:51  Marine  
  148  11:03  Marine  
  149  11:13  Supply Depot  
  149  11:16  Supply Depot  
  149  11:17  SCV  
  149  11:19  Marine x3  
  153  11:20  Marine x2  
  153  11:22  Marauder x2  
  159  11:30  Siege Tank  
  159  11:34  Terran Infantry Armor Level 1  
  159  11:39  Medivac  
  164  11:43  Medivac  
  166  12:08  Marine x2  
  166  12:09  Marine  
  169  12:12  Marine  
  169  12:13  Marine  
  169  12:15  Siege Tank  
  174  12:21  Medivac  
  174  12:25  Medivac  
  178  12:33  Command Center  
  178  12:46  Marine  
  178  12:47  Marine x4  
  178  12:48  Marine  
  184  13:03  Medivac  
  184  13:04  Marine x2  
  188  13:15  Medivac  
  190  13:27  Marine x2  
  190  13:28  Marine  
  190  13:29  Marauder, Marine  
  82  13:30  Marine x2  
  196  13:32  Refinery  
  196  13:37  Refinery  
  196  13:38  Marauder  
  186  13:54  Medivac  
  186  13:58  Siege Tank  
  191  14:00  Marauder  
  191  14:04  Marine  
  191  14:05  Marine  
  191  14:08  Marauder  
  197  14:17  Orbital Command  
  197  14:23  Marine  
  197  14:24  Marine  
  197  14:25  Marine  
  200  14:47  Unknown  
  200  14:48  Concussive Shells  
  200  14:57  Armory  
  200  14:58  Engineering Bay  
  199  16:03  Terran Infantry Weapons Level 2  
  199  16:04  Terran Infantry Armor Level 2  
  199  16:05  Terran Vehicle Weapons Level 1  
  199  16:24  Siege Tank x2  
  199  16:25  Siege Tank x2  
  199  17:03  Siege Tank x3  
  188  17:32  Marauder x2, Marine x4  
  188  17:33  Marine  
  188  17:34  Siege Tank  
  199  18:15  Siege Tank x3  
  198  19:01  Marine  
  198  19:02  Marine  
Tags
 
Add a new tag
Caveats
  • Supply blocks, unpowered buildings, or Contaminate may cause inaccurate times.
  • Supply counts are checked every 10 seconds.